 Dungeon Crawl Stone Soup version 0.28.0-53-g5a82cb258f (webtiles) character file.

Game seed: 18222258959616712862

3710 Peloso the Carver (level 9, -2/81 HPs)
             Began as a Minotaur Fighter on July 28, 2022.
             Was an Elder of Okawaru.
             Killed from afar by a steam dragon (16 damage)
             ... with a ball of steam
             ... in a bailey.
             The game lasted 00:15:32 (7738 turns).

Peloso the Carver (Minotaur Fighter)                Turns: 7738, Time: 00:15:33

Health: -2/81      AC: 19    Str: 23    XL:     9   Next: 91%
Magic:  6/8        EV: 15    Int:  5    God:    Okawaru [****..]
Gold:   226        SH:  7    Dex: 18    Spells: 8/8 levels left

rFire   . . .      SeeInvis .   a - +0 long sword
rCold   . . .      Faith    .   c - +0 buckler
rNeg    . . .      Spirit   .   g - +1 plate armour
rPois   .          Reflect  .   (helmet restricted)
rElec   .          Harm     .   j - +0 cloak
rCorr   .          Rampage  .   (no gloves)
Will    .....                   (no boots)
Stlth   ..........              p - amulet of regeneration
HPRegen 1.03/turn               n - +6 ring of dexterity
MPRegen 0.11/turn               y - +4 ring of evasion

@: heroic
A: horns 2, retaliatory headbutt
a: Renounce Religion, Heroism, Finesse


You were in a bailey.
You worshipped Okawaru.
Okawaru was greatly pleased with you.
You visited 2 branches of the dungeon, and saw 10 of its levels.
You also visited: Bailey.

You collected 226 gold pieces.

Inventory:

Hand Weapons
 a - a +0 long sword (weapon)
Missiles
 l - a throwing net (quivered)
Armour
 b - a +0 scale mail
 c - a +0 buckler (worn)
 g - a +1 plate armour (worn)
 j - a +0 cloak (worn)
Jewellery
 i - an amulet of the acrobat
 n - a +6 ring of dexterity (left hand)
 p - an amulet of regeneration (around neck)
 y - a +4 ring of evasion (right hand)
Wands
 q - a wand of flame (22)
Scrolls
 o - a scroll of fog
 s - 2 scrolls of enchant armour
Potions
 e - a potion of mutation
 f - 4 potions of curing
 h - 2 potions of lignification {unknown}
 k - a potion of ambrosia {unknown}
 m - 2 potions of flight {unknown}
 r - a potion of brilliance {unknown}
 u - a potion of heal wounds {unknown}
 v - a potion of degeneration {unknown}


   Skills:
 + Level 7.9(12.9) Fighting
 + Level 10.7(15.7) Long Blades
 + Level 10.2(15.2) Armour
 + Level 2.0(7.0) Dodging
 + Level 0.3(5.3) Stealth
 + Level 6.6(11.6) Shields
 + Level 1.1 Invocations


You had 8 spell levels left.
You didn't know any spells.
Your spell library contained the following spells:

 Spells                   Type           Power      Damage    Failure   Level
 Sublimation of Blood     Necr           0%         N/A       100%        2
 Wereblood                Tmut           0%         N/A       100%        2
 Gell's Gravitas          Tloc           0%         N/A       100%        3
 Lesser Beckoning         Tloc           0%         N/A       100%        3
 Teleport Other           Tloc           0%         N/A       100%        3
 Blade Hands              Tmut           0%         N/A       100%        5
 Irradiate                Conj/Tmut      0%         3d13      100%        5
 Dragon Form              Tmut           0%         N/A       100%        7
 Summon Hydra             Summ           Unusable   N/A       N/A         7

Dungeon Overview and Level Annotations

Branches:
Dungeon (9/15)             Temple (1/1) D:4            Lair (0/6) D:8
 Bailey (1/1)
    Orc: D:9-12

Altars:
Ashenzari
Cheibriados
Dithmenos
Elyvilon
Fedhas
Hepliaklqana
Kikubaaqudgha
Makhleb
Okawaru
Qazlal
Ru
Sif Muna
Trog
Uskayaw
Vehumet
Wu Jian
Yredelemnul
Zin
The Shining One

Shops:
D:4 :

Annotations:
D:4 2 transporters, Dadi's ghost, novice GrFi


Innate Abilities, Weirdness & Mutations

You have a pair of horns on your head.
You reflexively headbutt those who attack you in melee.


Message History

You block the two-headed ogre's attack. x2
You gain the combat prowess of a mighty hero.
The spriggan hits you but does no damage.
Okay, then.
Okay, then.
You slash the two-headed ogre! You headbutt the two-headed ogre!
The two-headed ogre is moderately wounded.
The two-headed ogre barely misses you.
The two-headed ogre hits you with a +0 halberd.
You barely miss the two-headed ogre. You headbutt the two-headed ogre.
The two-headed ogre is moderately wounded.
The spriggan hits you but does no damage.
You hit the two-headed ogre but do no damage.
The two-headed ogre is moderately wounded.
The two-headed ogre hits you with a +0 glaive.
The two-headed ogre hits you with a +0 halberd.
You block the spriggan's attack.
You barely miss the two-headed ogre. You headbutt the two-headed ogre!
The two-headed ogre is severely wounded.
You block the spriggan's attack.
You hit the two-headed ogre.
The two-headed ogre is severely wounded.
The two-headed ogre hits you with a +0 glaive!
* * * LOW HITPOINT WARNING * * *
The two-headed ogre barely misses you.
You slash the two-headed ogre!
You kill the two-headed ogre!
Okawaru is honoured by your kill.
You can now speed up your combat.
The spriggan barely misses you. The steam dragon breathes steam at you.
The ball of steam misses you.
You hear a shout!
Your life force feels restored.
Your base Armour skill increases to level 10!
Your Invocations skill increases to level 1!
The spriggan hits you with a +0 trident.
* * * LOW HITPOINT WARNING * * *
The steam dragon breathes steam at you. The ball of steam hits you!
You die...

#########
##.......## #
##.........# ##
##..####♣##..# .##
##..♣#....D##..#
..#
##..##.....i§##..#
ii###..## ♣@§♣...#
.OO≈≈..# ♣♣.♣ ..#
..≈≈≈..# ♣.# .#
..≈≈≈..# ♣.≈ .#
..≈≈≈..# ♣.#≈
..≈≈≈i.# ♣.#..
..###..# ..# ..
..# ##.. .## .##
.## #..


You could see a steam dragon (catching breath) and a spriggan.

Vanquished Creatures
  A two-headed ogre (Bailey)
  Psyche (D:8)
  Eustachio (D:4)
  A wyvern (D:7)
  A steam dragon (D:7)
  2 water moccasins (D:8)
  2 black bears
  An ice beast (D:4)
  A sky beast (D:6)
  3 necrophages
  4 ogres
  A phantom (D:4)
  3 bullfrogs
  A gnoll sergeant (D:3)
  2 scorpions (D:4)
  3 wights (D:8)
  A howler monkey (D:8)
  A bullfrog zombie (D:6)
  3 centaur zombies
  An orc priest (D:2)
  2 hounds
  A jelly (D:7)
  Jessica (D:3)
  3 iguanas
  Natasha (thrice) (D:4)
  3 orc wizards
  A hound zombie (D:5)
  8 gnolls
  4 adders
  2 white imps (D:7)
  2 ufetubi (D:4)
  3 worms
  3 dart slugs
  17 orcs
  7 bats
  7 endoplasms
  6 giant cockroaches
  5 goblins
  6 hobgoblins
  4 jackals (D:1)
  8 kobolds
  3 quokkas
  7 ball pythons
  A ball python skeleton (D:2)
  3 frilled lizards
  6 rats
150 creatures vanquished.

Vanquished Creatures (others)
  3 fungi (D:8)
  6 plants
9 creatures vanquished.

Grand Total: 159 creatures vanquished

Notes
Turn   | Place    | Note
-------+----------+-------------------------------------------
     0 | D:1      | Peloso the Minotaur Fighter began the quest for the Orb.
     0 | D:1      | Reached XP level 1. HP: 19/19 MP: 0/0
    72 | D:1      | Reached XP level 2. HP: 27/27 MP: 1/1
   317 | D:1      | Reached XP level 3. HP: 19/33 MP: 2/2
  1143 | D:2      | Reached skill level 1 in Dodging
  1147 | D:2      | Reached XP level 4. HP: 24/40 MP: 3/3
  2025 | D:3      | Noticed a gnoll sergeant
  2062 | D:3      | Found a faded altar of an unknown god.
  2093 | D:3      | Killed a gnoll sergeant
  2094 | D:3      | Reached XP level 5. HP: 6/47 MP: 4/4
  2781 | D:2      | Reached skill level 5 in Armour
  3105 | D:3      | Reached XP level 6. HP: 48/53 MP: 5/5
  3242 | D:3      | Found a snail-covered altar of Cheibriados.
  3517 | D:3      | Noticed Jessica
  3529 | D:3      | Killed Jessica
  3753 | D:4      | Reached skill level 5 in Long Blades
  3806 | D:4      | Found a staircase to the Ecumenical Temple.
  3809 | D:4      | Noticed an ice beast
  3817 | D:4      | Killed an ice beast
  3822 | Temple   | Entered the Ecumenical Temple
  3985 | Temple   | Became a worshipper of Warmaster Okawaru
  4066 | D:4      | Found Rell's Book Boutique.
  4109 | D:4      | Noticed Natasha
  4113 | D:4      | Killed Natasha
  4219 | D:4      | Reached XP level 7. HP: 50/60 MP: 6/6
  4261 | D:4      | Reached skill level 5 in Fighting
  4329 | D:4      | Noticed Eustachio
  4355 | D:4      | Killed Eustachio
  4359 | D:4      | Reached * piety under Okawaru
  4411 | D:4      | Noticed Dadi's ghost (novice GrFi)
  4412 | D:4      | Found a transporter.
  4412 | D:4      | Identified the +7 giant club of Yesterday {venom, rN++}
  4416 | D:4      | Found a transporter.
  4454 | D:4      | Reached skill level 5 in Shields
  4676 | D:4      | Noticed Natasha
  4683 | D:4      | Killed Natasha
  4752 | D:4      | Noticed Natasha
  4757 | D:4      | Killed Natasha
  4768 | D:5      | Entered Level 5 of the Dungeon
  4901 | D:5      | Reached XP level 8. HP: 70/70 MP: 7/7
  5037 | D:5      | Reached ** piety under Okawaru
  6462 | D:7      | Reached XP level 9. HP: 74/78 MP: 8/8
  6547 | D:7      | Reached *** piety under Okawaru
  6729 | D:7      | Found a blossoming altar of Fedhas.
  6973 | D:8      | Noticed Psyche
  6999 | D:8      | Killed Psyche
  7000 | D:8      | Reached skill level 10 in Long Blades
  7599 | D:8      | Found a staircase to the Lair.
  7648 | D:9      | Found a flagged portal.
  7668 | Bailey   | Entered a bailey
  7730 | Bailey   | Noticed a two-headed ogre
  7737 | Bailey   | Killed a two-headed ogre
  7737 | Bailey   | Reached **** piety under Okawaru
  7738 | Bailey   | Reached skill level 10 in Armour
  7738 | Bailey   | Reached skill level 1 in Invocations
  7738 | Bailey   | Killed from afar by a steam dragon

Illustrated notes

Levels and vault maps discovered:
D:1:      eino_arrival_water_star, layout_basic, st_stairs_9, minmay_ruptured
D:2:      layout_basic, minmay_circle_x
D:3:      layout_rooms, nicolae_ecumenical_lake_church, kennysheep_flooded_box,
          moated_statue, corner_web_ring, minmay_diced_spiral, uniq_jessica
D:4:      layout_gridville, minmay_temple_entry_gardened_gates,
          gammafunk_ghost_smash, serial_shops, nicolae_diamond_shop,
          uniq_eustachio, uniq_natasha
D:5:      layout_loops_corners
D:6:      layout_loops_corners
D:7:      layout_basic, mainiacjoe_overflow_catwalk
D:8:      layout_loops_corners, due_lair_maze_entry_diamond, uniq_psyche
D:9:      nicolae_cairo_tiling_large, layout_loops_ring, enter_bailey_2,
          minivault_11, uniq_joseph
Temple:   mainiacjoe_temple_circle_huts
Bailey:   bailey_polearm_enchanted_keep_hellmonk, bailey

Skill      XL: |  1  2  3  4  5  6  7  8  9 |
---------------+----------------------------+-----
Fighting       | 4 5 6 7 |  7.9
Armour         | 4 5 6 8 10 | 10.2
Long Blades    | 3 4 6 7 9 10 | 10.7
Shields        | 4 5 6 |  6.6
Dodging        | 1 2 |  2.0
Invocations    | 1 |  1.1
Stealth        | |  0.3

Action                   |  1- 3 |  4- 6 |  7- 9 || total
-------------------------+-------+-------+-------++-------
Melee: Long sword        |    89 |   146 |   271 ||   506
       Headbutt          |    10 |    20 |    64 ||    94
Invok: Heroism           |       |       |     4 ||     4
  Use: Scroll            |       |     4 |     8 ||    12
       Potion            |       |     3 |       ||     3
Armor: Scale mail        |    43 |       |       ||    43
       Chain mail        |    13 |    32 |       ||    45
       Plate armour      |       |    80 |   205 ||   285
Dodge: Dodged            |    40 |    49 |    92 ||   181
Block: Buckler           |    21 |    47 |   101 ||   169
